Map: Eternal Empire LE

Players

Ratl

  • Race: Protoss Protoss
  • League: Silver
  • Spawn Location: 1:00

Adversary - Winner!

  • Race: Protoss Protoss
  • League: Silver
  • Spawn Location: 7:00

VOD

Have the link to the VOD?

Description

Time

  • Played on: Jan. 12, 2020, 7:08 p.m.
  • Length: 17:35
Show
View Real Time Build Order
Export as new Build Order

Ratl Protoss 

Build Orders: Colossus Rush 

Get SALT Encoding   

  12  0:01  Probe  
  13  0:13  Probe  
  14  0:21  Pylon  
  14  0:25  Probe  
  15  0:30  Assimilator  
  15  0:39  Probe  
  16  0:49  Gateway  
  16  0:51  Probe (Chrono Boost)  
  17  1:02  Probe (Chrono Boost)  
  18  1:07  Probe (Chrono Boost)  
  19  1:12  Gateway  
  19  1:17  Probe  
  20  1:18  Assimilator  
  20  1:29  Probe  
  21  1:41  Probe  
  21  1:46  Cybernetics Core  
  22  1:54  Probe  
  22  2:06  Probe, Pylon  
  23  2:10  Pylon  
  23  2:20  Warp Gate (Chrono Boost)  
  23  2:24  Probe, Stalker x2  
  28  2:36  Probe  
  29  2:48  Probe, Robotics Facility  
  30  2:57  Stalker  
  30  2:58  Stalker  
  34  3:01  Probe  
  35  3:13  Probe  
  36  3:25  Probe  
  37  3:27  Nexus  
  35  3:51  Probe  
  36  3:59  Observer  
  37  4:03  Probe  
  38  4:15  Probe  
  39  4:19  Pylon x2  
  39  4:26  Robotics Bay  
  39  4:29  Pylon  
  39  4:33  Pylon  
  39  4:36  Warp Prism  
  42  4:40  Probe (Chrono Boost)  
  42  4:42  Probe (Chrono Boost)  
  43  4:52  Probe (Chrono Boost)  
  45  4:53  Probe (Chrono Boost)  
  45  4:57  Probe (Chrono Boost)  
  46  5:01  Probe  
  46  5:04  Shield Battery  
  47  5:08  Assimilator  
  47  5:09  Probe, Assimilator  
  47  5:12  Pylon  
  47  5:13  Probe  
  49  5:18  Colossus  
  55  5:21  Probe  
  56  5:31  Gateway  
  56  5:32  Gateway  
  56  5:35  Stalker  
  46  5:46  Probe x2  
  48  5:55  Shield Battery  
  48  5:57  Shield Battery  
  48  5:58  Probe x2  
  50  6:10  Probe (Chrono Boost)  
  52  6:12  Probe (Chrono Boost)  
  52  6:22  Probe (Chrono Boost), Stalker x2  
  58  6:27  Probe (Chrono Boost)  
  58  6:32  Immortal  
  62  6:34  Probe  
  63  6:41  Stalker  
  65  6:48  Probe  
  65  6:49  Probe  
  67  6:55  Observer  
  67  7:00  Probe  
  67  7:01  Probe  
  69  7:05  Stalker x2  
  73  7:13  Probe x2  
  74  7:25  Probe  
  74  7:26  Observer  
  70  8:02  Stalker  
  70  8:03  Stalker x3  
  78  8:10  Probe (Chrono Boost)  
  80  8:13  Probe (Chrono Boost)  
  80  8:22  Probe (Chrono Boost)  
  80  8:26  Probe (Chrono Boost)  
  82  8:27  Probe (Chrono Boost)  
  82  8:28  Forge x2  
  83  8:37  Zealot  
  83  8:38  Zealot x3  
  79  8:43  Stalker x4  
  63  9:07  Zealot x2  
  63  9:08  Zealot x2  
  57  9:26  Gateway  
  57  9:27  Gateway  
  57  9:29  Gateway  
  57  9:32  Probe x2  
  57  9:44  Probe x2  
  59  9:47  Nexus  
  52  9:53  Immortal  
  52  9:55  Stalker  
  52  9:56  Assimilator, Stalker x3  
  52  9:57  Assimilator, Protoss Ground Armor Level 1 (Chrono Boost)  
  52  9:58  Protoss Ground Weapons Level 1 (Chrono Boost), Pylon  
  60  10:00  Pylon  
  60  10:02  Pylon  
  62  10:20  Stalker x3  
  68  10:21  Immortal  
  73  10:35  Probe x2  
  74  10:47  Probe  
  74  10:48  Probe  
  76  10:51  Stalker x2  
  80  10:59  Probe  
  81  11:07  Stalker x2  
  81  11:08  Stalker x2  
  89  11:13  Warp Prism (Chrono Boost)  
  91  11:19  Probe x2  
  91  11:20  Probe  
  94  11:31  Probe  
  95  11:33  Twilight Council  
  95  11:46  Probe x2  
  98  11:47  Probe  
  98  11:50  Stalker x3  
  98  11:51  Stalker x3  
  110  11:58  Probe, Immortal (Chrono Boost)  
  115  12:01  Protoss Ground Weapons Level 2 (Chrono Boost)  
  115  12:11  Protoss Ground Armor Level 2 (Chrono Boost)  
  115  12:17  Blink  
  115  12:21  Stalker x2  
  115  12:22  Stalker  
  121  12:59  Robotics Facility  
  121  13:02  Robotics Facility  
  121  13:03  Nexus  
  76  13:29  Stalker x4  
  76  13:32  Stalker x6  
  76  13:33  Stalker  
  62  13:44  Colossus (Chrono Boost)  
  45  14:00  Stalker x6  
  57  14:08  Stalker  
  53  14:24  Stalker x4  
  37  14:25  Stalker  
  27  14:33  Stalker x2  
  27  14:34  Colossus (Chrono Boost)  
  33  14:48  Probe (Chrono Boost)  
  34  14:58  Probe (Chrono Boost)  
  35  15:01  Stalker  
  35  15:03  Probe (Chrono Boost)  
  28  15:21  Colossus  
  34  15:36  Probe  
  35  15:55  Nexus  
  35  16:14  Probe (Chrono Boost)  
  36  16:24  Probe (Chrono Boost)  
  37  16:29  Probe (Chrono Boost)  
  37  16:31  Probe  
  39  16:41  Probe  
  39  16:43  Probe  
  41  16:55  Probe (Chrono Boost)  
  42  17:05  Probe (Chrono Boost)  
  44  17:09  Probe (Chrono Boost)  
  44  17:15  Probe x2 (Chrono Boost)  
  47  17:17  Probe (Chrono Boost)  
  48  17:23  Probe (Chrono Boost)  
Show
View Real Time Build Order
Export as new Build Order

Adversary Protoss - Winner!

Build Orders:  

Get SALT Encoding   

  12  0:01  Probe  
  13  0:19  Pylon  
  13  0:38  Gateway  
  13  0:46  Forge  
  13  0:56  Probe, Assimilator  
  14  1:08  Probe  
  15  1:13  Pylon  
  15  1:25  Photon Cannon  
  15  1:34  Cybernetics Core  
  15  1:40  Probe  
  16  1:52  Probe  
  17  2:10  Stalker (Chrono Boost)  
  19  2:18  Assimilator  
  19  2:24  Nexus  
  19  2:45  Probe, Stalker (Chrono Boost)  
  22  2:57  Probe  
  23  3:09  Probe  
  23  3:10  Stargate  
  24  3:17  Stalker (Chrono Boost)  
  26  3:24  Probe  
  27  3:40  Shield Battery  
  27  3:46  Stalker (Chrono Boost)  
  27  3:52  Gateway  
  27  3:54  Probe  
  30  3:56  Assimilator  
  30  3:58  Warp Gate (Chrono Boost)  
  30  4:08  Oracle  
  33  4:11  Probe  
  34  4:23  Probe  
  35  4:26  Twilight Council  
  35  4:28  Probe  
  36  4:36  Probe  
  37  4:51  Probe  
  38  4:55  Pylon  
  38  5:05  Blink (Chrono Boost)  
  38  5:10  Probe  
  39  5:16  Probe, Assimilator  
  40  5:22  Probe  
  40  5:23  Robotics Facility  
  40  5:28  Probe  
  42  5:50  Stalker  
  44  6:00  Pylon  
  44  6:08  Probe  
  44  6:09  Pylon, Gateway  
  44  6:10  Probe  
  46  6:18  Immortal (Chrono Boost)  
  46  6:20  Probe  
  46  6:22  Probe  
  52  6:31  Photon Cannon  
  52  6:32  Probe  
  53  6:34  Probe, Pylon  
  53  6:35  Stalker  
  56  6:50  Probe  
  56  6:51  Observer  
  58  7:02  Probe  
  59  7:17  Dark Shrine  
  59  7:50  Void Ray  
  63  7:57  Pylon  
  63  8:01  Pylon  
  63  8:06  Stargate  
  63  8:15  Stalker x3  
  73  8:20  Immortal, Nexus  
  73  8:23  Assimilator  
  73  8:25  Protoss Ground Weapons Level 1  
  73  8:27  Assimilator  
  73  8:28  Charge (Chrono Boost)  
  68  8:41  Void Ray  
  68  8:44  Stalker x3  
  49  9:19  Immortal  
  51  9:24  Void Ray  
  55  9:34  Probe  
  55  9:37  Zealot x3  
  62  9:46  Probe (Chrono Boost)  
  62  9:51  Probe (Chrono Boost)  
  62  9:56  Probe (Chrono Boost)  
  64  10:00  Probe (Chrono Boost)  
  64  10:01  Probe (Chrono Boost)  
  65  10:12  Probe  
  66  10:22  Immortal  
  66  10:23  Void Ray (Chrono Boost)  
  66  10:26  Zealot  
  66  10:27  Zealot  
  78  10:30  Probe (Chrono Boost)  
  80  10:36  Probe (Chrono Boost)  
  82  10:44  Probe x2 (Chrono Boost)  
  82  10:46  Dark Templar  
  84  10:51  Probe  
  85  10:57  Protoss Shields Level 1 (Chrono Boost)  
  85  11:05  Immortal  
  89  11:13  Pylon  
  89  11:16  Pylon  
  89  11:28  Void Ray  
  93  11:44  Observer  
  94  11:53  Dark Templar  
  94  11:54  Dark Templar x2  
  100  12:04  Observer  
  100  12:08  Gateway  
  100  12:10  Gateway  
  100  12:11  Immortal, Void Ray  
  108  12:31  Protoss Air Weapons Level 1 (Chrono Boost)  
  108  12:32  Void Ray (Chrono Boost)  
  112  12:42  Dark Templar x3  
  118  12:51  Probe (Chrono Boost)  
  119  13:00  Protoss Ground Armor Level 1 (Chrono Boost)  
  119  13:01  Probe (Chrono Boost)  
  120  13:06  Probe (Chrono Boost)  
  120  13:07  Void Ray (Chrono Boost)  
  125  13:17  Probe  
  112  13:29  Probe  
  109  13:43  Dark Templar x2  
  109  13:44  Dark Templar x3  
  109  13:47  Immortal  
  123  13:51  Probe (Chrono Boost)  
  124  14:01  Probe (Chrono Boost)  
  125  14:14  Pylon  
  125  14:15  Pylon  
  125  14:19  Probe  
  124  14:26  Void Ray  
  124  14:32  Probe  
  125  14:38  Immortal  
  125  14:40  Void Ray  
  125  14:44  Probe  
  134  14:53  Protoss Ground Weapons Level 2 (Chrono Boost)  
  134  15:04  Probe  
  135  15:09  Void Ray  
  139  15:17  Probe  
  140  15:27  Nexus  
  140  15:29  Probe, Assimilator  
  140  15:33  Assimilator  
  141  15:38  Pylon  
  141  15:42  Pylon  
  141  15:43  Forge  
  141  15:45  Pylon  
  141  15:49  Pylon, Forge  
  141  15:52  Void Ray  
  141  15:55  Void Ray  
  141  15:56  Probe  
  150  16:09  Probe  
  151  16:31  Immortal  
  155  16:35  Templar Archives  
  155  16:42  Archon x3  
  155  16:43  Archon x2  
  155  16:48  Void Ray  
  155  16:49  Void Ray  
  163  17:01  Probe, Robotics Bay  
  163  17:07  Pylon  
  164  17:10  Pylon  
  164  17:13  Probe  
  165  17:17  Pylon  
Tags
 
Add a new tag
Caveats
  • Supply blocks, unpowered buildings, or Contaminate may cause inaccurate times.
  • Supply counts are checked every 10 seconds.